 Dungeon Crawl Stone Soup version 0.22.0-49-gab54619 (webtiles) character file.

1768 nicolaieve the Basher (level 8, -9/64 HPs)
             Began as a Minotaur Berserker on Sept 7, 2018.
             Was an Elder of Trog.
             Mangled by an orc warrior
             ... wielding a +0 flail
              (13 damage)
             ... on level 7 of the Dungeon.
             The game lasted 00:17:45 (4731 turns).

nicolaieve the Basher (Minotaur Berserker)          Turns: 4731, Time: 00:17:46

Health: -9/64      AC: 13    Str: 22    XL:     8   Next: 80%
Magic:  0/7        EV:  8    Int:  4    God:    Trog [****..]
Gold:   284        SH:  0    Dex: 12    Spells: 7/7 levels left

rFire    + . .     SeeInvis +   M - +1 mace (holy)
rCold    + . .     Gourm    .   (no shield)
rNeg     . . .     Faith    .   f - +0 chain mail
rPois    +         Spirit   +   q - +2 hat
rElec    +         Reflect  .   D - +0 cloak
rCorr    +         Harm     .   s - +0 pair of gloves
MR       ++...                  (no boots)
Stlth    ..........             P - amulet of guardian spirit
HPRegen  1.20/turn              p - ring of flight
MPRegen  0.10/turn              w - ring of see invisible

@: resistant, berserk cooldown, regenerating, slowed, very slow
A: retaliatory headbutt, horns 2
a: Berserk, Trog's Hand, Brothers in Arms, Renounce Religion, Evoke Flight


You were on level 7 of the Dungeon.
You worshipped Trog.
Trog was greatly pleased with you.
You were very hungry.

You visited 1 branch of the dungeon, and saw 7 of its levels.

You collected 284 gold pieces.

Inventory:

Hand Weapons
 n - a +0 hunting sling of flaming
 M - a +1 mace of holy wrath (weapon)
Missiles
 e - 192 stones (quivered)
 y - 105 sling bullets
Armour
 f - a +0 chain mail (worn)
 g - a +0 shield
 q - a +2 hat (worn)
 s - a +0 pair of gloves (worn)
 D - a +0 cloak (worn)
Jewellery
 p - a ring of flight (left hand)
 w - a ring of see invisible (right hand)
 P - an amulet of guardian spirit (around neck)
Wands
 H - a wand of iceblast (7)
 N - a wand of flame (27)
 O - a wand of acid (6)
Scrolls
 m - 3 scrolls of blinking {unknown}
 t - 2 scrolls of fear {unknown}
 u - 6 scrolls of remove curse {unknown}
 x - a scroll of fog {unknown}
 A - 3 scrolls of magic mapping {unknown}
 B - 3 scrolls of amnesia {unknown}
 G - a scroll of immolation {unknown}
 I - 2 scrolls of teleportation {unknown}
 L - a scroll of enchant armour {unknown}
Potions
 b - a potion of curing
 d - 4 potions of might
 k - 2 potions of invisibility
 l - a potion of resistance
 o - 3 potions of haste
 v - 2 potions of lignification {unknown}
 z - a potion of berserk rage {unknown}
 C - 2 potions of mutation {unknown}
 F - a potion of flight {unknown}
 J - a potion of heal wounds {unknown}
 K - a potion of ambrosia {unknown}
Comestibles
 a - 3 chunks of flesh
 c - 11 rations


   Skills:
 - Level 3.6 Fighting
 + Level 13.4 Maces & Flails
 - Level 2.4 Armour
 - Level 2.1 Dodging


You had 7 spell levels left.
You didn't know any spells.
Your spell library was empty.

Dungeon Overview and Level Annotations

Branches:
Dungeon (7/15)             Temple (0/1) D:4

Altars:
Fedhas
Nemelex Xobeh
Uskayaw

Shops:
D:4 (


Innate Abilities, Weirdness & Mutations

You reflexively headbutt those who attack you in melee.
You have a pair of horns on your head.


Message History

The orc warrior is almost dead.
You feel sick.
You hit the orc warrior but do no damage.
The orc warrior is almost dead.
You feel very sick. The orc warrior hits you with a flail.
You completely miss the orc warrior.
The orc warrior is almost dead.
You feel sick. The orc warrior hits you with a flail.
* * * LOW HITPOINT WARNING * * *
You hit the orc warrior but do no damage.
The orc warrior is almost dead.
You feel sick. The orc warrior barely misses you.
You feel protected.
You feel sick. The orc warrior hits you with a flail!
* * * LOW HITPOINT WARNING * * *
You feel better. The orc warrior hits you with a flail!
* * * LOW HITPOINT WARNING * * *
The orc warrior hits you with a flail!
You die...

####### #######
#####.....#### .......
.............# .......
........#.##.# .......
#####.#.#.##.## .......
.....<#.#.##..# .......
####.##.#.###.####.......
#..#.#.# #†..@oo......
##.#.#......###.......
#####.#.######.# .......
....#.#.# ... .......
###.#.# ##..# ##.####
....#.# ##.# .. .......
.. .. ##### #. #.. ...#


You could see an orc warrior and an orc wizard (invisible).

Vanquished Creatures
  Sigmund (D:2)
  A hungry ghost (D:4)
  An orc warrior (D:6)
  A phantom (D:6)
  A black bear (D:5)
  2 ogres
  A centaur (D:7)
  A bullfrog (D:6)
  4 killer bees (D:7)
  A bullfrog skeleton (D:4)
  A jelly (D:5)
  4 hounds
  An orc wizard (D:7)
  A centaur skeleton (D:4)
  2 orc priests
  4 worker ants
  Terence (D:2)
  2 iguanas (D:6)
  A hound skeleton (D:7)
  7 adders
  A shadow imp (D:6)
  An ooze (D:1)
  An adder skeleton (D:4)
  3 worms
  2 dart slugs
  4 leopard geckos
  25 orcs
  6 bats
  9 goblins
  12 hobgoblins
  8 jackals
  6 quokkas
  5 ball pythons
  8 frilled lizards
  7 kobolds
  A quokka skeleton (D:4)
  7 rats
144 creatures vanquished.

Vanquished Creatures (others)
  A worker ant (D:6)
  A ball python (D:6)
2 creatures vanquished.

Grand Total: 146 creatures vanquished

Notes
Turn   | Place    | Note
-------+----------+-------------------------------------------
     0 | D:1      | nicolaieve the Minotaur Berserker began the quest for the
                  | Orb.
     0 | D:1      | Reached XP level 1. HP: 19/19 MP: 0/0
   240 | D:1      | Reached skill level 4 in Maces & Flails
   341 | D:1      | Reached XP level 2. HP: 25/26 MP: 1/1
   788 | D:1      | Reached skill level 5 in Maces & Flails
   872 | D:2      | Noticed Sigmund
   887 | D:2      | Killed Sigmund
   887 | D:2      | Reached skill level 7 in Maces & Flails
   887 | D:2      | Reached XP level 3. HP: 19/31 MP: 2/2
   887 | D:2      | Reached XP level 4. HP: 24/39 MP: 3/3
   887 | D:2      | Reached XP level 5. HP: 28/45 MP: 4/4
   935 | D:2      | Reached ** piety under Trog
   978 | D:2      | Noticed Terence
   990 | D:2      | Killed Terence
  1044 | D:2      | Reached skill level 8 in Maces & Flails
  1353 | D:2      | Reached XP level 6. HP: 38/51 MP: 5/5
  1912 | D:3      | Found a hide-covered altar of Uskayaw.
  2348 | D:3      | Found a blossoming altar of Fedhas.
  2625 | D:4      | Reached *** piety under Trog
  2675 | D:4      | Reached skill level 9 in Maces & Flails
  2786 | D:4      | Found a staircase to the Ecumenical Temple.
  2830 | D:4      | Reached XP level 7. HP: 57/57 MP: 6/6
  2864 | D:4      | Noticed a hungry ghost
  2896 | D:4      | Killed a hungry ghost
  2896 | D:4      | Reached skill level 10 in Maces & Flails
  3294 | D:4      | Found Leudgh's Antique Weapon Boutique.
  3388 | D:5      | Entered Level 5 of the Dungeon
  3500 | D:5      | Reached skill level 11 in Maces & Flails
  4023 | D:6      | Reached XP level 8. HP: 45/64 MP: 7/7
  4164 | D:6      | Reached **** piety under Trog
  4202 | D:6      | Found a sparkling altar of Nemelex Xobeh.
  4218 | D:6      | Reached skill level 12 in Maces & Flails
  4703 | D:7      | Reached skill level 13 in Maces & Flails
  4731 | D:7      | Mangled by an orc warrior

Skill      XL: |  1  2  3  4  5  6  7  8 |
---------------+-------------------------+-----
Maces & Flails | 4 7 8 9 11 13 | 13.4
Fighting       | |  3.6
Armour         | |  2.4
Dodging        | |  2.1

Action                   |  1- 3 |  4- 6 |  7- 9 || total
-------------------------+-------+-------+-------++-------
Melee: Mace              |    47 |    56 |    69 ||   172
       Headbutt          |     4 |    37 |    33 ||    74
       Whip              |       |   121 |   157 ||   278
Invok: Berserk           |     1 |     2 |     5 ||     8
       Trog's Hand       |       |       |     2 ||     2
  Use: Scroll            |       |       |     6 ||     6
       Potion            |       |       |     2 ||     2
  Eat: Chunk             |       |     8 |    14 ||    22
       Ration            |       |       |     1 ||     1
Armor: Chain mail        |    26 |    96 |   101 ||   223
Dodge: Dodged            |    28 |    78 |    62 ||   168
